| TOP OF THE 1ST |
|
Helena Brewers batting - Pitching for Washington (APP) Nationals : RHP Danny Clarke
|
|
Pitching: RHP Danny Clarke
|
|
|
Batting: RHB Alfredo Sena
|
0-0: Called Strike 0-1: SOLO HOME RUN (Line Drive, 89XD, EV 98.8 MPH), Distance : 401 ft
|
|
Batting: RHB Steve Errico
|
0-0: Fly out, F8 (Flyball, 8LS, EV 78.1 MPH)
|
|
Batting: LHB Karel Hort
|
0-0: Called Strike 0-1: Foul Ball, location: 2F 0-2: Foul Ball, location: 2F 0-2: Ball 1-2: Strikes out looking
|
|
Batting: LHB Mark Backstrom
|
0-0: Ball 1-0: Foul Ball, location: 2F 1-1: Ball 2-1: Ball 3-1: Base on Balls
|
|
Batting: RHB Dan Allred
|
0-0: Swinging Strike 0-1: Ball 1-1: Swinging Strike 1-2: Strikes out swinging
|
| Top of the 1st over - 1 run, 1 hit, 0 errors, 1 left on base; Helena 1 - Washington (APP) 0 |
| BOTTOM OF THE 1ST |
|
Washington (APP) Nationals batting - Pitching for Helena Brewers : LHP Gil Sanchez
|
|
Pitching: LHP Gil Sanchez
|
|
|
Batting: RHB Justin Van Houten
|
0-0: Ball 1-0: Foul Ball, location: 2F 1-1: Ball 2-1: Ball 3-1: Base on Balls
|
|
Batting: RHB Antonio Vallez
|
0-0: Foul Ball, location: 2F 0-1: Ball Justin Van Houten is caught stealing 2nd base 2-4 1-1: Ball 2-1: Foul Ball, location: 2F 2-2: Foul Ball, location: 2F 2-2: Foul Ball, location: 2F 2-2: DOUBLE (Flyball, 8RXD, EV 95.6 MPH)
|
|
Batting: RHB Tylor Cyr
|
0-0: Ball 1-0: Ground out 5-3 (Groundball, 5, EV 106.2 MPH)
|
|
Batting: SHB Gabe Fraunfelder
|
0-0: Ball 1-0: Called Strike 1-1: Ground out 5-3 (Groundball, 56S, EV 80.0 MPH)
|
| Bottom of the 1st over - 0 runs, 1 hit, 0 errors, 1 left on base; Helena 1 - Washington (APP) 0 |
| TOP OF THE 2ND |
|
Helena Brewers batting - Pitching for Washington (APP) Nationals : RHP Danny Clarke
|
|
Batting: RHB Drew Forbess
|
0-0: Fly out, F3 (Popup, 23F, EV 81.2 MPH)
|
|
Batting: RHB Manny Olave
|
0-0: Ball 1-0: SINGLE (Line Drive, 56, EV 105.0 MPH)
|
|
Batting: RHB Justin Marino
|
0-0: Called Strike 0-1: Fielders Choice at 2nd, 1-4 (Groundball, 15S, EV 66.9 MPH)
|
|
Batting: RHB Gil Sanchez
|
0-0: Swinging Strike 0-1: Swinging Strike 0-2: Foul Ball, location: 2F 0-2: Ball 1-2: Foul Ball, location: 2F 1-2: Ball 2-2: Ball 3-2: Strikes out looking
|
| Top of the 2nd over - 0 runs, 1 hit, 0 errors, 1 left on base; Helena 1 - Washington (APP) 0 |
| BOTTOM OF THE 2ND |
|
Washington (APP) Nationals batting - Pitching for Helena Brewers : LHP Gil Sanchez
|
|
Batting: LHB Chance McWilliams
|
0-0: DOUBLE (Groundball, 3L, EV 101.2 MPH)
|
|
Batting: RHB Lamar Thornton
|
0-0: Called Strike 0-1: Ball 1-1: Ball 2-1: Reached via error on a dropped throw from SS, E3 (Groundball, 6S, EV 73.1 MPH) Chance McWilliams to third
|
|
Batting: RHB Chad Madsen
|
0-0: Called Strike 0-1: Foul Ball, location: 2F 0-2: Strikes out swinging
|
|
Batting: RHB Jason Ewert
|
0-0: Ball 1-0: Fly out, F8 (Flyball, 78M, EV 80.6 MPH) Runner from 3rd tags up, SCORES, throw by CF
|
|
Batting: LHB Jim Weidman
|
0-0: Swinging Strike 0-1: Swinging Strike 0-2: Foul Ball, location: 2F 0-2: Ball 1-2: Foul Ball, location: 2F 1-2: Strikes out looking
|
| Bottom of the 2nd over - 1 run, 1 hit, 1 error, 1 left on base; Helena 1 - Washington (APP) 1 |
| TOP OF THE 3RD |
|
Helena Brewers batting - Pitching for Washington (APP) Nationals : RHP Danny Clarke
|
|
Batting: RHB Alfredo Sena
|
0-0: Swinging Strike 0-1: Ball 1-1: Foul Ball, location: 2F 1-2: Strikes out swinging
|
|
Batting: RHB Steve Errico
|
0-0: Ball 1-0: Called Strike 1-1: Ball 2-1: Ball 3-1: Base on Balls
|
|
Batting: LHB Karel Hort
|
0-0: Fielders Choice at 2nd, 1-6 (Groundball, 34S, EV 73.1 MPH)
|
|
Batting: LHB Mark Backstrom
|
0-0: Called Strike 0-1: Ball Pickoff Throw by Catcher to First - Error! E2 Karel Hort to second 1-1: Foul Ball, location: 2F 1-2: Strikes out swinging
|
| Top of the 3rd over - 0 runs, 0 hits, 1 error, 1 left on base; Helena 1 - Washington (APP) 1 |
| BOTTOM OF THE 3RD |
|
Washington (APP) Nationals batting - Pitching for Helena Brewers : LHP Gil Sanchez
|
|
Batting: RHB Justin Van Houten
|
0-0: Fly out, F3 (Popup, 34, EV 66.2 MPH)
|
|
Batting: RHB Antonio Vallez
|
0-0: Ball 1-0: Ground out 5-3 (Groundball, 56S, EV 83.1 MPH)
|
|
Batting: RHB Tylor Cyr
|
0-0: Ball 1-0: Ball 2-0: Ball 3-0: Base on Balls
|
|
Batting: SHB Gabe Fraunfelder
|
0-0: Foul Ball, location: 2F 0-1: Fielders Choice at 2nd, 6-4 (Groundball, 6, EV 77.5 MPH)
|
| Bottom of the 3rd over - 0 runs, 0 hits, 0 errors, 1 left on base; Helena 1 - Washington (APP) 1 |
| TOP OF THE 4TH |
|
Helena Brewers batting - Pitching for Washington (APP) Nationals : RHP Danny Clarke
|
|
Batting: RHB Dan Allred
|
0-0: Called Strike 0-1: Swinging Strike 0-2: Ball 1-2: Ball 2-2: Foul Ball, location: 2F 2-2: Ball 3-2: Strikes out looking
|
|
Batting: RHB Drew Forbess
|
0-0: Swinging Strike 0-1: Ball 1-1: Foul Ball, location: 2F 1-2: Fly out, F8 (Flyball, 8LD, EV 88.8 MPH)
|
|
Batting: RHB Manny Olave
|
0-0: Ball 1-0: Ground out 6-3 (Groundball, 6S, EV 78.1 MPH)
|
| Top of the 4th over - 0 runs, 0 hits, 0 errors, 0 left on base; Helena 1 - Washington (APP) 1 |
| BOTTOM OF THE 4TH |
|
Washington (APP) Nationals batting - Pitching for Helena Brewers : LHP Gil Sanchez
|
|
Batting: LHB Chance McWilliams
|
0-0: Ball 1-0: Called Strike 1-1: Foul Ball, location: 2F 1-2: Foul Ball, location: 2F 1-2: Fly out, F9 (Line Drive, 9S, EV 93.8 MPH)
|
|
Batting: RHB Lamar Thornton
|
0-0: Ball 1-0: Swinging Strike 1-1: Fly out, F8 (Flyball, 8LS, EV 83.8 MPH)
|
|
Batting: RHB Chad Madsen
|
0-0: Foul Ball, location: 2F 0-1: Ball 1-1: Ball 2-1: Foul Ball, location: 2F 2-2: Reached on error, E1 (Groundball, 15, EV 67.5 MPH)
|
|
Batting: RHB Jason Ewert
|
0-0: Ball 1-0: Ball 2-0: Called Strike 2-1: Fly out, F8 (Flyball, 8RM, EV 97.5 MPH)
|
| Bottom of the 4th over - 0 runs, 0 hits, 1 error, 1 left on base; Helena 1 - Washington (APP) 1 |
| TOP OF THE 5TH |
|
Helena Brewers batting - Pitching for Washington (APP) Nationals : RHP Danny Clarke
|
|
Batting: RHB Justin Marino
|
0-0: Fly out, F8 (Flyball, 89S, EV 73.1 MPH)
|
|
Batting: RHB Gil Sanchez
|
0-0: Called Strike 0-1: Called Strike 0-2: Strikes out swinging
|
|
Batting: RHB Alfredo Sena
|
0-0: Foul Ball, location: 2F 0-1: Ball 1-1: Ball 2-1: Called Strike 2-2: Strikes out swinging
|
| Top of the 5th over - 0 runs, 0 hits, 0 errors, 0 left on base; Helena 1 - Washington (APP) 1 |
| BOTTOM OF THE 5TH |
|
Washington (APP) Nationals batting - Pitching for Helena Brewers : LHP Gil Sanchez
|
|
Batting: LHB Jim Weidman
|
0-0: Called Strike 0-1: Ball 1-1: Ball 2-1: SOLO HOME RUN (Flyball, 8LXD, EV 111.9 MPH), Distance : 457 ft
|
|
Batting: RHB Justin Van Houten
|
0-0: Ball 1-0: Called Strike 1-1: Foul Ball, location: 2F 1-2: Ball 2-2: Fly out, F9 (Flyball, 89D, EV 94.4 MPH)
|
|
Batting: RHB Antonio Vallez
|
0-0: Ball 1-0: Ball 2-0: Ball 3-0: Base on Balls
|
|
Batting: RHB Tylor Cyr
|
0-0: Called Strike 0-1: Fly out, F8 (Flyball, 8LD, EV 90.0 MPH)
|
|
Batting: SHB Gabe Fraunfelder
|
0-0: Called Strike 0-1: Foul Ball, location: 2F 0-2: SINGLE (Groundball, 56, EV 104.4 MPH) Antonio Vallez to second
|
|
Batting: LHB Chance McWilliams
|
0-0: Ball 1-0: Called Strike 1-1: Foul Ball, location: 2F 1-2: Ball 2-2: Foul Ball, location: 2F 2-2: Ball Wild Pitch! Antonio Vallez to third Gabe Fraunfelder to second 3-2: Strikes out swinging, 2-3 out at first.
|
| Bottom of the 5th over - 1 run, 2 hits, 0 errors, 2 left on base; Helena 1 - Washington (APP) 2 |
| TOP OF THE 6TH |
|
Helena Brewers batting - Pitching for Washington (APP) Nationals : RHP Danny Clarke
|
|
Batting: RHB Steve Errico
|
0-0: Ball 1-0: Called Strike 1-1: Foul Ball, location: 2F 1-2: Ball 2-2: Fly out, F9 (Flyball, 9, EV 86.2 MPH)
|
|
Batting: LHB Karel Hort
|
0-0: Ball 1-0: SINGLE (Groundball, 13, EV 78.8 MPH) (infield hit)
|
|
Batting: LHB Mark Backstrom
|
0-0: Ball 1-0: Ball 2-0: Called Strike 2-1: DOUBLE (Line Drive, 89XD, EV 101.9 MPH) Karel Hort to third Runner from 3rd tries for Home, SAFE, throw by RF to home
|
|
Pitching: RHP Cheng-ho Tai
|
|
|
Batting: RHB Dan Allred
|
0-0: Swinging Strike 0-1: SINGLE (Groundball, 4MD, EV 102.5 MPH) Mark Backstrom to third
|
|
Batting: RHB Drew Forbess
|
0-0: SINGLE (Groundball, 34D, EV 106.9 MPH) Mark Backstrom scores Dan Allred to second Runner from 2nd tries for 3rd, SAFE, throw by RF made to third
|
|
Batting: RHB Manny Olave
|
0-0: Fielders Choice at 2nd, 6-4 (Groundball, 6, EV 84.4 MPH) Dan Allred scores
|
|
Batting: RHB Justin Marino
|
0-0: Foul Ball, location: 2F 0-1: Ball 1-1: Swinging Strike 1-2: Ball 2-2: Foul Ball, location: 2F 2-2: Strikes out swinging
|
| Top of the 6th over - 3 runs, 4 hits, 0 errors, 1 left on base; Helena 4 - Washington (APP) 2 |
| BOTTOM OF THE 6TH |
|
Washington (APP) Nationals batting - Pitching for Helena Brewers : LHP Gil Sanchez
|
|
Batting: RHB Lamar Thornton
|
0-0: Ball 1-0: SINGLE (Groundball, 6MD, EV 102.5 MPH)
|
|
Batting: RHB Chad Madsen
|
0-0: Called Strike 0-1: Ball 1-1: Ball 2-1: Fielders Choice at 2nd, 6-4 (Groundball, 6, EV 90.0 MPH)
|
|
Batting: RHB Jason Ewert
|
0-0: Swinging Strike 0-1: Foul Ball, location: 2F 0-2: Ball 1-2: Ball 2-2: Strikes out swinging
|
|
Batting: LHB Jim Weidman
|
0-0: Ground out 4-3 (Groundball, 4, EV 93.1 MPH)
|
| Bottom of the 6th over - 0 runs, 1 hit, 0 errors, 1 left on base; Helena 4 - Washington (APP) 2 |
| TOP OF THE 7TH |
|
Helena Brewers batting - Pitching for Washington (APP) Nationals : RHP Cheng-ho Tai
|
|
Batting: RHB Gil Sanchez
|
0-0: Ball 1-0: Foul Ball, location: 2F 1-1: Swinging Strike 1-2: Foul Ball, location: 2F 1-2: Reached on error, E6 (Groundball, 6M, EV 90.6 MPH)
|
|
Batting: RHB Alfredo Sena
|
0-0: Ball Wild Pitch! Gil Sanchez to second 1-0: Swinging Strike 1-1: 2-RUN HOME RUN (Flyball, 89XD, EV 101.2 MPH), Distance : 392 ft
|
|
Pitching: RHP Manny Mendoza
|
|
|
Batting: RHB Steve Errico
|
0-0: Ball 1-0: Ball 2-0: Foul Ball, location: 2F 2-1: Ball 3-1: Base on Balls
|
|
Batting: LHB Karel Hort
|
0-0: Ground out 6-3 (Groundball, 4, EV 89.4 MPH) Steve Errico to second
|
|
Batting: LHB Mark Backstrom
|
0-0: Swinging Strike 0-1: Ball 1-1: Swinging Strike 1-2: Ground out U3 (Groundball, 3L, EV 90.0 MPH) Steve Errico to third
|
|
Batting: RHB Dan Allred
|
0-0: Called Strike 0-1: Ball 1-1: Foul Ball, location: 2F 1-2: Foul Ball, location: 2F 1-2: Ball 2-2: Foul Ball, location: 2F 2-2: Ball 3-2: Fly out, F8 (Flyball, 8RXD, EV 94.4 MPH)
|
| Top of the 7th over - 2 runs, 1 hit, 1 error, 1 left on base; Helena 6 - Washington (APP) 2 |
| BOTTOM OF THE 7TH |
|
Washington (APP) Nationals batting - Pitching for Helena Brewers : LHP Gil Sanchez
|
|
Pitching: LHP Tim Phillips
|
|
|
Batting: RHB Justin Van Houten
|
0-0: Ground out 5-3 (Groundball, 5, EV 86.9 MPH)
|
|
Batting: RHB Antonio Vallez
|
0-0: Ball 1-0: Foul Ball, location: 2F 1-1: Ball 2-1: Swinging Strike 2-2: Foul Ball, location: 2F 2-2: SINGLE (Line Drive, 8LS, EV 89.4 MPH)
|
|
Batting: RHB Tylor Cyr
|
Pickoff Throw to First - Out! 1-3 CS 0-0: Ground out 4-3 (Groundball, 4, EV 90.6 MPH)
|
| Bottom of the 7th over - 0 runs, 1 hit, 0 errors, 0 left on base; Helena 6 - Washington (APP) 2 |
| TOP OF THE 8TH |
|
Helena Brewers batting - Pitching for Washington (APP) Nationals : RHP Manny Mendoza
|
|
Pitching: LHP Mike Rosas
|
|
|
Batting: RHB Drew Forbess
|
0-0: Ball 1-0: Foul Ball, location: 2F 1-1: Ball 2-1: Swinging Strike 2-2: Foul Ball, location: 2F 2-2: Ball 3-2: Strikes out looking
|
|
Batting: RHB Manny Olave
|
0-0: Ball 1-0: Ball 2-0: Ball 3-0: Base on Balls
|
|
Batting: RHB Justin Marino
|
0-0: Called Strike 0-1: Ball 1-1: 2-RUN HOME RUN (Flyball, 7D, EV 98.8 MPH), Distance : 399 ft
|
|
Batting: RHB Gil Sanchez
|
0-0: Fly out, F3 (Popup, 34S, EV 73.1 MPH)
|
|
Batting: RHB Alfredo Sena
|
0-0: Ball 1-0: Ball 2-0: Ball 3-0: Base on Balls
|
|
Pitching: RHP Ramiro Ramirez
|
|
|
Batting: RHB Steve Errico
|
0-0: Fielders Choice at 2nd, 6-4 (Groundball, 6, EV 78.8 MPH)
|
| Top of the 8th over - 2 runs, 1 hit, 0 errors, 1 left on base; Helena 8 - Washington (APP) 2 |
| BOTTOM OF THE 8TH |
|
Washington (APP) Nationals batting - Pitching for Helena Brewers : LHP Tim Phillips
|
|
Batting: SHB Gabe Fraunfelder
|
0-0: Ball 1-0: Called Strike 1-1: Fly out, F4 (Popup, 34S, EV 90.6 MPH)
|
|
Batting: LHB Chance McWilliams
|
0-0: Ball 1-0: Ground out 5-3 (Groundball, 56, EV 88.8 MPH)
|
|
Batting: RHB Lamar Thornton
|
0-0: Ball 1-0: Foul Ball, location: 2F 1-1: Ball 2-1: Fly out, F8 (Line Drive, 8LD, EV 105.0 MPH)
|
| Bottom of the 8th over - 0 runs, 0 hits, 0 errors, 0 left on base; Helena 8 - Washington (APP) 2 |
| TOP OF THE 9TH |
|
Helena Brewers batting - Pitching for Washington (APP) Nationals : RHP Ramiro Ramirez
|
|
Batting: LHB Karel Hort
|
0-0: Ball 1-0: Fly out, F7 (Flyball, 78S, EV 83.1 MPH)
|
|
Batting: LHB Mark Backstrom
|
0-0: SINGLE (Line Drive, 89S, EV 95.6 MPH)
|
|
Batting: RHB Dan Allred
|
0-0: Ball 1-0: Ball Wild Pitch! Mark Backstrom to second 2-0: Ball 3-0: Base on Balls
|
|
Batting: RHB Drew Forbess
|
0-0: 3-RUN HOME RUN (Flyball, 7LD, EV 98.1 MPH), Distance : 369 ft
|
|
Batting: RHB Manny Olave
|
0-0: Ball 1-0: Foul Ball, location: 2F 1-1: Fly out, F7 (Flyball, 7LM, EV 100.0 MPH)
|
|
Batting: RHB Justin Marino
|
0-0: Foul Ball, location: 2F 0-1: Ball 1-1: Ball 2-1: Foul Ball, location: 2F 2-2: SINGLE (Groundball, 4MD, EV 96.9 MPH)
|
|
Batting: SHB Orlando Torres
|
0-0: Ball 1-0: Called Strike 1-1: Ball 2-1: Ball 3-1: Base on Balls Justin Marino to second
|
|
Pitching: RHP Matt Norris
|
|
|
Batting: RHB Alfredo Sena
|
0-0: Ball 1-0: Called Strike 1-1: Foul Ball, location: 2F 1-2: Foul Ball, location: 2F 1-2: Fielders Choice at 2nd, 5-4 (Groundball, 56, EV 82.5 MPH)
|
| Top of the 9th over - 3 runs, 3 hits, 0 errors, 2 left on base; Helena 11 - Washington (APP) 2 |
| BOTTOM OF THE 9TH |
|
Washington (APP) Nationals batting - Pitching for Helena Brewers : LHP Tim Phillips
|
|
Batting: RHB Chad Madsen
|
0-0: Ball 1-0: Foul Ball, location: 2F 1-1: Ball 2-1: Ground out 5-3 (Groundball, 56, EV 83.1 MPH)
|
|
Batting: RHB Jason Ewert
|
0-0: Fly out, F8 (Flyball, 8LD, EV 101.2 MPH)
|
|
Batting: LHB Jim Weidman
|
0-0: Ball 1-0: Ball 2-0: Ball 3-0: Called Strike 3-1: Base on Balls
|
|
Batting: RHB Justin Van Houten
|
0-0: Swinging Strike 0-1: Ball 1-1: Swinging Strike 1-2: Ball 2-2: Ball 3-2: Strikes out swinging
|
| Bottom of the 9th over - 0 runs, 0 hits, 0 errors, 1 left on base; Helena 11 - Washington (APP) 2 |
|